 Dungeon Crawl Stone Soup version 0.20-a0-820-g557356e (webtiles) character file.

5444 kae the Carver (level 10, -15/93 HPs)
             Began as a Minotaur Fighter on Mar 4, 2017.
             Was a Priest of Wu Jian.
             Demolished by a two-headed ogre
             ... wielding a +0 giant club
              (16 damage)
             ... on level 8 of the Dungeon.
             The game lasted 00:09:15 (7303 turns).

kae the Carver (Minotaur Fighter)                   Turns: 7303, Time: 00:09:16

Health: -15/93     AC: 11    Str: 22    XL:     10   Next: 41%
Magic:  9/9        EV:  7    Int:  7    God:    Wu Jian [***...]
Gold:   185        SH:  9    Dex: 10    Spells: 9/9 levels left

rFire    + . .     SeeInvis .   a - +0 long sword
rCold    + + .     Gourm    .   p - +2 scale mail {rC+}
rNeg     . . .     Faith    .   c - +0 shield
rPois    .         Spirit   .   (helmet restricted)
rElec    .         Reflect  .   k - +0 cloak
rCorr    .         Harm     .   (no gloves)
MR       .....                  (no boots)
Stlth    ..........             (no amulet)
Regen    0.3/turn               r - ring of protection from fire
MPRegen  0.2/turn               e - ring of protection from cold

@: drained
A: retaliatory headbutt, horns 2
a: Renounce Religion


You were on level 8 of the Dungeon.
You worshipped Wu Jian.
Wu Jian was most pleased with you.
You were not hungry.

You visited 1 branch of the dungeon, and saw 9 of its levels.

You collected 215 gold pieces.
You spent 30 gold pieces at shops.

Inventory:

Hand Weapons
 a - a +0 long sword (weapon)
Armour
 b - a +0 scale mail
 c - a +0 shield (worn)
 k - a +0 cloak (worn)
 p - a +2 scale mail of cold resistance (worn)
Jewellery
 e - a ring of protection from cold (left hand)
 r - a ring of protection from fire (right hand)
 x - an uncursed ring of wizardry
 y - an uncursed ring of resist corrosion
Wands
 v - a wand of iceblast (10/15)
 A - a wand of iceblast (13/15)
Scrolls
 i - 3 scrolls of noise
 m - 3 scrolls of remove curse
 o - 3 scrolls of identify
 u - a scroll of amnesia
 w - 2 scrolls of fog
Potions
 h - a potion of heal wounds
 j - 2 potions of cancellation
 l - a potion of berserk rage
 q - 7 potions of curing
 s - a potion of mutation
 t - 2 potions of lignification
Books
 z - a book of Spatial Translocations

   Spells                             Type                      Level
   a - Blink                          Translocation                2
   b - Shroud of Golubria             Charms/Translocation         2
   c - Lesser Beckoning               Translocation                3
   d - Gell's Gravitas                Translocation                3
   e - Teleport Other                 Translocation                3
   f - Passage of Golubria            Translocation                4
Comestibles
 d - 3 fruits
 f - 5 bread rations
 g - 6 meat rations
 n - 4 royal jellies


   Skills:
 + Level 10.0(8.8) Fighting
 * Level 12.9(11.7) Long Blades
 + Level 10.0(8.9) Armour
 - Level 3.6(2.6) Shields


You had 9 spell levels left.
You didn't know any spells.

Dungeon Overview and Level Annotations

Branches:
Dungeon (9/15)             Temple (0/1) D:6
   Lair: D:8-11         Orc: D:9-12

Altars:
Cheibriados
Elyvilon
Hepliaklqana
Kikubaaqudgha
Makhleb
Okawaru
Sif Muna
Trog
Wu Jian
Xom
Yredelemnul
Zin

Shops:
D:4 !   D:6 :   D:7 [


Innate Abilities, Weirdness & Mutations

You reflexively headbutt those who attack you in melee.
You have a pair of horns on your head.


Message History

You are too injured to fight recklessly!
You are too injured to fight recklessly!
Your shield prevents you from hitting the two-headed ogre.
The two-headed ogre is severely wounded.
The two-headed ogre hits you with a giant club!!
You block the two-headed ogre's attack.
You slash the two-headed ogre!
The two-headed ogre is almost dead.
You slash the two-headed ogre!
The two-headed ogre is almost dead.
The two-headed ogre hits you with a giant club!
* * * LOW HITPOINT WARNING * * *
The two-headed ogre hits you with a giant club!
* * * LOW HITPOINT WARNING * * *
You hit the two-headed ogre.
Your headbutt misses the two-headed ogre.
The two-headed ogre is almost dead.
You block the two-headed ogre's attack.
The two-headed ogre hits you with a giant club!
You die...

######.............#
#..........#######.#
#..........# #.#####
#..........# #.....#
######.....# #.....#
####..# #.....# #..#
#.....# ##
########O.#######.....# #<
#........@............# #.
#.################....###.
#.#.....# #..........##.
#....##.#####.####.....##.
#######.....#.########.##.
###.#.#...# #.##.
#.#.###.# #.... ###.....#
####. ####### #....


You could see a two-headed ogre.

Vanquished Creatures
  2 two-headed ogres (D:8)
  The ghost of Dingo the Skirmisher, a novice BaSk (D:6)
  Joseph (D:8)
  A troll (D:8)
  A wyvern (D:8)
  Duvessa (D:6)
  A sky beast (D:8)
  5 orc warriors
  2 black bears (D:8)
  3 ogres
  2 phantoms
  2 bullfrogs
  Dowan (D:6)
  4 killer bees (D:8)
  8 wights
  5 crimson imps
  A centaur zombie (D:5)
  3 hounds
  A jelly (D:7)
  2 orc priests
  A centaur skeleton (D:4)
  11 orc wizards
  6 worker ants
  A hound skeleton (D:6)
  12 adders
  2 shadow imps
  An adder skeleton (D:5)
  2 worms
  A dart slug (D:2)
  2 leopard geckos
  30 orcs
  3 ball pythons
  4 giant cockroaches
  7 goblins
  4 hobgoblins
  3 jackals (D:6)
  5 kobolds
  2 bats
  2 frilled lizards (D:2)
  2 leopard gecko zombies
  7 rats
  A spectral orc (D:3)
156 creatures vanquished.

Notes
Turn   | Place    | Note
-------+----------+-------------------------------------------
     0 | D:1      | kae the Minotaur Fighter began the quest for the Orb.
     0 | D:1      | Reached XP level 1. HP: 19/19 MP: 0/0
    99 | D:1      | Reached skill level 3 in Long Blades
   121 | D:1      | Reached XP level 2. HP: 27/27 MP: 1/1
   586 | D:2      | Found an ornate altar of the Wu Jian Council.
   593 | D:2      | Became a worshipper of the Wu Jian Council
   717 | D:2      | Reached XP level 3. HP: 22/33 MP: 2/2
   823 | D:2      | Found an iron altar of Okawaru.
  1305 | D:2      | Found a shimmering altar of Xom.
  1305 | D:2      | Found a snail-covered altar of Cheibriados.
  1305 | D:2      | Found an ancient bone altar of Kikubaaqudgha.
  1305 | D:2      | Found a deep blue altar of Sif Muna.
  1315 | D:2      | Found a burning altar of Makhleb.
  1315 | D:2      | Found a hazy altar of Hepliaklqana.
  1573 | D:3      | Found a bloodstained altar of Trog.
  1684 | D:3      | Reached XP level 4. HP: 34/41 MP: 3/3
  1852 | D:3      | Found a basalt altar of Yredelemnul.
  1951 | D:3      | Reached skill level 4 in Long Blades
  2059 | D:4      | Found Deckio's Distillery.
  2237 | D:4      | Bought a potion of curing for 30 gold pieces
  2314 | D:4      | Noticed a phantom
  2349 | D:4      | Killed a phantom
  2349 | D:4      | Reached skill level 5 in Fighting
  2349 | D:4      | Reached skill level 5 in Long Blades
  2349 | D:4      | Reached skill level 5 in Armour
  2349 | D:4      | Reached XP level 5. HP: 24/48 MP: 4/4
  2609 | D:4      | Reached XP level 6. HP: 43/56 MP: 5/5
  2690 | D:4      | Reached * piety under Wu Jian
  2859 | D:5      | Entered Level 5 of the Dungeon
  2863 | D:5      | Reached skill level 6 in Long Blades
  2965 | D:5      | Reached XP level 7. HP: 61/61 MP: 6/6
  2995 | D:5      | Reached skill level 7 in Long Blades
  3747 | D:6      | Reached skill level 8 in Long Blades
  3781 | D:6      | Noticed Dingo's ghost (novice BaSk)
  3813 | D:6      | Killed Dingo's ghost
  3813 | D:6      | Reached skill level 9 in Long Blades
  3813 | D:6      | Reached XP level 8. HP: 57/73 MP: 7/7
  4053 | D:6      | Found a staircase to the Ecumenical Temple.
  4092 | D:6      | Reached ** piety under Wu Jian
  4579 | D:6      | Noticed Dowan
  4593 | D:6      | Killed Dowan
  4605 | D:6      | Noticed Duvessa
  4726 | D:6      | Killed Duvessa
  4726 | D:6      | Reached skill level 10 in Long Blades
  4791 | D:6      | Found Viplushy's Book Shoppe.
  4922 | D:7      | Reached XP level 9. HP: 80/80 MP: 8/8
  5021 | D:7      | Found Weabrul's Armour Emporium.
  5182 | D:7      | Found a white marble altar of Elyvilon.
  5459 | D:8      | Found a glowing silver altar of Zin.
  5503 | D:8      | Noticed a two-headed ogre
  5516 | D:8      | Killed a two-headed ogre
  5516 | D:8      | Reached skill level 11 in Long Blades
  5736 | D:8      | Noticed a two-headed ogre
  5767 | D:8      | HP: 4/82 [two-headed ogre/giant club (10)]
  5769 | D:8      | Killed a two-headed ogre
  5769 | D:8      | Reached skill level 12 in Long Blades
  5917 | D:8      | Noticed Joseph
  6214 | D:8      | Noticed a troll
  6229 | D:8      | Killed a troll
  6229 | D:8      | Reached XP level 10. HP: 36/91 MP: 9/9
  6715 | D:8      | Killed Joseph
  6926 | D:8      | Reached *** piety under Wu Jian
  6926 | D:8      | Reached skill level 10 in Armour
  7105 | D:8      | Reached skill level 10 in Fighting
  7282 | D:9      | Noticed a two-headed ogre
  7302 | D:8      | HP: 1/93 [two-headed ogre/giant club (15)]
  7303 | D:8      | Demolished by a two-headed ogre

Vault maps used:
D:1:      dpeg_arrival_tiny_e, minivault_11, hangedman_feature_mirror
D:2:      marbit_many_paths, old_standard_altar, minmay_overflow_temple_hex,
          first_bread, grunt_decor_fettered
D:3:      yredelemnul_forgotten_temple_becter, st_stairs_7, minmay_statues_item,
          minmay_misc_feat_hallway, bloody_trog
D:4:      serial_shops, shop
D:5:      st_stairs_11, corexii_shack
D:6:      minmay_temple_entry_glassed_door, serial_shops, nicolae_shop_stone,
          uniq_duvessa
D:7:      kennysheep_mini_moat, serial_shops, shop
D:8:      zin_academy, uniq_joseph
D:9:      minmay_lair_entry_lava, minmay_orc_entry_guard_dogs,
          kennysheep_small_circle

Skill      XL: |  1  2  3  4  5  6  7  8  9 10 |
---------------+-------------------------------+-----
Long Blades    | 3 5 6 9 10 12 | 12.9
Fighting       | 4 5 7 9 10 | 10.0
Armour         | 4 5 7 9 10 | 10.0
Shields        | |  3.6

Action                   |  1- 3 |  4- 6 |  7- 9 | 10-12 || total
-------------------------+-------+-------+-------+-------++-------
Melee: Long sword        |   107 |   109 |   283 |   128 ||   627
       Headbutt          |    11 |    21 |    51 |    23 ||   106
  Use: Scroll            |     2 |     4 |     7 |       ||    13
       Potion            |       |       |     3 |     1 ||     4
  Eat: Chunk             |     1 |     6 |     9 |     5 ||    21
Armor: Scale mail        |    45 |    67 |   102 |    45 ||   259
Dodge: Dodged            |    27 |    27 |    68 |    26 ||   148
Block: Shield            |    52 |    56 |   114 |    55 ||   277
       Rpst.: Long sword |     8 |    12 |    23 |     7 ||    50
